Map: Blackrock LE

Players

Halo - Winner!

  • Race: Zerg Zerg

A.I. 1 (Elite)

  • Race: Terran Terran

VOD

Have the link to the VOD?

Description

Time

  • Played on: Aug. 5, 2026, 5:27 p.m.
  • Length: 9:58
Show
View Real Time Build Order
Export as new Build Order

Halo Zerg - Winner!

Build Orders: Hatch First 

Get SALT Encoding   

  8  0:00  Drone  
  9  0:10  Drone  
  10  0:17  Drone  
  11  0:21  Drone  
  11  0:26  Extractor  
  11  0:31  Drone  
  13  0:40  Overlord  
  13  0:58  Drone x2  
  15  1:13  Hatchery  
  15  1:17  Drone  
  15  1:20  Drone  
  16  1:38  Spawning Pool  
  15  1:40  Extractor  
  15  1:42  Drone  
  15  1:46  Drone  
  16  1:49  Drone  
  16  1:53  Drone  
  18  2:02  Drone  
  19  2:12  Overlord  
  20  2:30  Drone x2  
  21  2:38  Zergling x4  
  21  2:39  Queen  
  21  2:40  Queen  
  27  2:46  Metabolic Boost  
  27  2:50  Drone  
  28  2:53  Drone  
  29  3:05  Overlord  
  29  3:10  Drone x3  
  32  3:28  Hatchery  
  32  3:30  Overlord  
  31  3:36  Drone x2  
  31  3:39  Drone  
  34  3:48  Drone  
  34  3:49  Drone x4  
  34  3:54  Overlord  
  39  3:59  Drone  
  39  4:00  Drone  
  39  4:01  Drone  
  42  4:04  Drone  
  42  4:05  Drone  
  44  4:12  Queen  
  46  4:22  Extractor  
  46  4:23  Baneling Nest  
  44  4:26  Drone x2  
  46  4:31  Overlord  
  46  4:36  Overlord  
  46  4:38  Zergling x12  
  52  5:04  Drone x8  
  60  5:13  Drone  
  61  5:16  Overlord x2  
  61  5:20  Drone  
  62  5:26  Queen  
  62  5:28  Drone x5  
  69  5:30  Drone  
  69  5:31  Zergling x6  
  73  5:38  Lair  
  73  5:39  Drone x2, Evolution Chamber  
  73  5:41  Evolution Chamber  
  73  5:47  Overlord x3  
  73  5:59  Overlord x3  
  73  6:00  Zergling x2  
  73  6:01  Zergling x8  
  78  6:06  Zerg Melee Weapons Level 1  
  78  6:10  Zerg Ground Armor Level 1  
  78  6:11  Zergling x6  
  81  6:21  Zergling x2  
  81  6:22  Zergling x4  
  84  6:36  Centrifugal Hooks  
  84  6:39  Hatchery  
  83  6:42  Zergling x2  
  83  6:43  Zergling x12  
  83  6:45  Baneling x7  
  83  6:46  Baneling x11  
  90  6:50  Hatchery  
  90  6:52  Zergling x2  
  90  6:53  Zergling x16  
  98  6:56  Drone x2  
  98  6:58  Drone  
  98  6:59  Drone  
  102  7:08  Hatchery  
  101  7:11  Zergling x2  
  101  7:12  Zergling x2  
  101  7:13  Zergling x2  
  101  7:14  Zergling x2, Hatchery  
  104  7:37  Zergling x2  
  104  7:38  Zergling x20  
  104  7:42  Zergling x2  
  116  7:48  Zergling x16  
  124  7:53  Overlord x3  
  124  7:55  Zergling x2  
  124  7:56  Zergling x2  
  126  8:05  Zergling x10  
  131  8:10  Zergling x2  
  131  8:11  Zergling x2  
  131  8:19  Drone x10  
  138  8:33  Zergling x2  
  138  8:34  Zergling x24  
  128  8:41  Zergling x2  
  128  8:42  Zergling x8  
  131  8:49  Queen x2  
  131  8:51  Drone x2  
  131  8:52  Drone x3  
  131  8:55  Drone x10  
  147  8:57  Overlord  
  147  8:58  Overlord  
  146  9:03  Zergling x8  
  143  9:13  Zergling x2  
  143  9:14  Zergling x24  
  154  9:22  Overlord x2  
  154  9:24  Zergling x2  
  154  9:25  Zergling x12  
  154  9:29  Zergling x2  
  154  9:30  Zergling x8  
Show
View Real Time Build Order
Export as new Build Order

A.I. 1 (Elite) Terran 

Build Orders:  

Get SALT Encoding   

  8  0:00  SCV  
  9  0:13  SCV  
  10  0:25  SCV  
  11  0:37  SCV  
  12  0:46  Supply Depot  
  12  0:49  SCV  
  13  1:08  SCV  
  14  1:13  Barracks  
  14  1:20  SCV  
  15  1:32  SCV  
  16  1:44  SCV  
  17  1:50  Supply Depot  
  17  1:56  SCV  
  17  1:57  Refinery  
  17  2:00  Marine  
  19  2:08  SCV  
  20  2:17  Marine  
  20  2:20  Barracks, SCV  
  22  2:27  Refinery  
  22  2:33  SCV  
  22  2:35  Marine  
  24  2:45  SCV, Supply Depot  
  25  2:53  Marine  
  25  2:57  SCV  
  27  3:09  Factory, SCV  
  27  3:11  Marine  
  29  3:15  Marine  
  30  3:21  SCV  
  31  3:29  Marine  
  31  3:33  SCV, Marine  
  34  3:45  SCV  
  34  3:47  Marine  
  36  3:52  Barracks  
  36  3:57  SCV  
  36  3:59  Supply Depot  
  37  4:04  Barracks Tech Lab  
  37  4:08  Barracks Tech Lab  
  37  4:10  Factory Tech Lab  
  37  4:21  SCV  
  38  4:25  Marine  
  38  4:27  Marine  
  40  4:33  SCV  
  40  4:34  Stimpack  
  41  4:41  Supply Depot  
  42  4:45  SCV  
  41  4:57  SCV  
  42  5:03  Marine, Marauder  
  42  5:04  Combat Shield  
  42  5:05  Supply Depot  
  45  5:09  SCV  
  45  5:11  Command Center  
  48  5:21  Marauder  
  48  5:22  SCV  
  48  5:28  Marauder  
  51  5:34  SCV  
  52  5:40  Engineering Bay  
  54  5:42  Marauder  
  54  5:47  Orbital Command  
  54  5:51  Marauder  
  55  5:58  Supply Depot  
  57  6:04  Marine, Marauder  
  57  6:07  Terran Infantry Weapons Level 1  
  58  6:13  Marauder  
  60  6:21  Hellion  
  60  6:23  SCV  
  60  6:25  SCV, Marauder  
  66  6:35  SCV  
  66  6:37  SCV  
  68  6:44  Hellion  
  70  6:47  SCV  
  70  6:49  SCV, Supply Depot  
  70  6:53  Command Center  
  73  7:01  SCV  
  73  7:02  SCV  
  73  7:05  Hellion  
  73  7:06  Concussive Shells  
  76  7:13  SCV, Engineering Bay  
  76  7:15  SCV  
  78  7:22  Supply Depot, Barracks Reactor  
  78  7:23  Marine  
  78  7:25  SCV  
  78  7:27  Hellion, SCV  
  83  7:31  Marauder  
  85  7:37  SCV  
  85  7:39  Terran Infantry Armor Level 1  
  85  7:41  Starport  
  85  7:42  Marauder  
  85  7:44  SCV  
  89  7:47  Supply Depot  
  89  7:52  Marine  
  89  7:58  Orbital Command, Marine  
  90  8:01  Hellion  
  90  8:03  Marauder  
  95  8:06  SCV  
  95  8:07  SCV  
  95  8:10  Marine  
  95  8:12  Marine  
  99  8:16  Marine  
  99  8:18  SCV  
  101  8:20  Medivac, SCV  
  101  8:23  Hellion  
  101  8:24  Marine, SCV  
  101  8:26  Supply Depot  
  108  8:29  Marine  
  108  8:30  SCV  
  71  8:34  Marine x2  
  59  8:42  Marine  
  59  8:44  Hellion  
  59  8:48  Marauder  
  56  8:52  Marine  
  47  9:05  Hellion  
  41  9:13  Marine  
  27  9:20  Marine  
  19  9:26  SCV  
  14  9:38  SCV  
Tags
 
Add a new tag
Caveats
  • Supply blocks, unpowered buildings, or Contaminate may cause inaccurate times.
  • Supply counts are checked every 10 seconds.